Map: Rainfall LE

Players

Reynor

  • Race: Zerg Zerg
  • League: Master
  • Spawn Location: 5:00

Shino - Winner!

  • Race: Zerg Zerg
  • League: Grandmaster
  • Spawn Location: 11:00

VOD

Have the link to the VOD?

Description

Time

  • Played on: July 3, 2026, 7:07 a.m.
  • Length: 7:16
Show
View Real Time Build Order
Export as new Build Order

Reynor Zerg 

Build Orders: Pool First 

Get SALT Encoding   

  8  0:00  Drone  
  9  0:11  Drone  
  10  0:16  Drone  
  11  0:27  Overlord  
  11  0:33  Drone  
  12  0:45  Drone x2  
  14  0:50  Drone  
  15  1:01  Drone  
  16  1:09  Spawning Pool  
  16  1:10  Drone  
  16  1:20  Drone  
  17  1:35  Hatchery  
  17  1:38  Drone  
  17  1:48  Extractor  
  17  1:50  Drone  
  17  1:55  Queen  
  17  2:00  Overlord  
  19  2:04  Drone  
  20  2:18  Drone  
  20  2:21  Drone  
  23  2:30  Drone  
  23  2:31  Queen  
  25  2:39  Overlord  
  25  2:48  Drone  
  25  2:49  Metabolic Boost  
  25  2:50  Drone  
  27  2:57  Drone  
  28  2:59  Drone  
  28  3:02  Drone x3  
  32  3:08  Zergling x2  
  32  3:11  Overlord  
  33  3:17  Drone  
  33  3:18  Baneling Nest  
  33  3:22  Drone  
  34  3:32  Hatchery  
  33  3:36  Drone x2  
  33  3:39  Drone  
  36  3:41  Zergling x2  
  36  3:42  Zergling x2  
  36  3:45  Zergling x2  
  36  3:47  Zergling x2  
  40  3:48  Zergling x2  
  40  3:52  Overlord  
  40  3:55  Drone  
  42  3:56  Drone  
  42  3:58  Zergling x2  
  44  4:06  Drone  
  44  4:07  Drone x3  
  47  4:10  Overlord  
  47  4:18  Drone x2  
  47  4:19  Roach Warren  
  47  4:20  Baneling  
  48  4:26  Queen  
  48  4:31  Drone x2  
  52  4:35  Overlord  
  52  4:36  Drone x2  
  54  4:40  Extractor  
  54  4:42  Zergling x4  
  54  4:44  Drone x2  
  57  4:49  Overlord  
  50  4:53  Drone x3  
  50  4:54  Drone  
  54  5:02  Overlord  
  54  5:03  Drone x2  
  54  5:05  Drone x3  
  56  5:11  Baneling x2  
  56  5:13  Roach  
  55  5:17  Drone x2  
  55  5:18  Roach x2  
  61  5:24  Roach x2  
  65  5:30  Drone  
  64  5:36  Drone x2  
  64  5:40  Drone  
  66  5:43  Drone x2  
  66  5:44  Roach x2  
  66  5:45  Roach  
  66  5:46  Drone x2  
  66  5:47  Evolution Chamber  
  73  5:51  Roach x3  
  73  5:53  Drone x2  
  73  5:54  Drone  
  73  5:57  Extractor, Drone  
  81  5:58  Extractor  
  81  6:00  Roach  
  81  6:02  Ravager  
  83  6:04  Overlord  
  83  6:05  Roach, Spine Crawler  
  83  6:07  Spine Crawler  
  83  6:09  Roach x2  
  88  6:13  Spine Crawler  
  88  6:14  Baneling x2  
  88  6:15  Baneling  
  88  6:16  Zergling x2  
  88  6:17  Zergling x2  
  89  6:19  Roach  
  89  6:23  Roach  
  89  6:24  Roach  
  95  6:32  Roach x2  
  95  6:33  Roach x2  
  95  6:36  Roach x2  
  87  6:43  Roach x2, Zergling x2  
  82  6:47  Roach x2  
  82  6:52  Roach x2  
  73  6:54  Zergling x2  
Show
View Real Time Build Order
Export as new Build Order

Shino Zerg - Winner!

Build Orders: Hatch First 

Get SALT Encoding   

  8  0:00  Drone  
  9  0:11  Drone  
  10  0:16  Drone  
  11  0:27  Overlord  
  11  0:33  Drone  
  12  0:46  Drone x2  
  14  0:51  Drone  
  15  1:11  Hatchery  
  15  1:15  Drone  
  15  1:18  Drone  
  15  1:22  Drone  
  17  1:37  Spawning Pool  
  16  1:40  Drone  
  16  1:43  Extractor  
  16  1:44  Drone  
  17  1:50  Drone  
  18  2:02  Drone  
  19  2:11  Drone  
  20  2:21  Overlord  
  20  2:23  Queen x2  
  20  2:29  Extractor, Drone  
  25  2:39  Drone x2  
  25  2:43  Drone  
  28  2:46  Metabolic Boost, Drone  
  29  2:54  Overlord  
  29  2:56  Drone  
  30  3:02  Drone  
  30  3:04  Drone  
  32  3:15  Hatchery  
  32  3:19  Baneling Nest  
  30  3:20  Drone  
  30  3:23  Drone  
  30  3:25  Drone  
  33  3:29  Zergling x2  
  33  3:30  Zergling x2  
  33  3:32  Drone  
  36  3:36  Overlord  
  36  3:38  Zergling x2  
  37  3:42  Drone x2  
  37  3:47  Drone  
  40  3:55  Drone x3  
  42  4:00  Roach Warren  
  42  4:05  Overlord  
  42  4:07  Drone  
  42  4:08  Drone  
  42  4:09  Zergling x6  
  46  4:15  Extractor  
  45  4:18  Drone  
  45  4:20  Drone  
  45  4:22  Overlord  
  47  4:24  Extractor  
  47  4:27  Drone  
  47  4:31  Drone x2  
  49  4:32  Baneling x2  
  49  4:36  Overlord, Drone  
  49  4:37  Drone x2  
  52  4:43  Zergling x6  
  52  4:44  Baneling x2  
  55  4:46  Overlord x2  
  52  5:05  Roach x6  
  62  5:14  Roach x5  
  72  5:16  Overlord  
  72  5:18  Roach  
  74  5:22  Roach  
  74  5:25  Roach  
  78  5:33  Roach x3  
  83  5:41  Roach x2  
  83  5:43  Overlord  
  83  5:45  Roach  
  83  5:47  Zergling x8  
  89  5:50  Zergling x4  
  89  5:52  Zergling x2  
  89  5:56  Zergling x4  
  94  5:58  Zergling x2  
  94  6:03  Zergling x2  
  96  6:04  Zergling x2  
  96  6:05  Zergling x2  
  98  6:12  Zergling x2  
  98  6:14  Zergling x4  
  98  6:15  Ravager x2  
  98  6:17  Baneling x4  
  103  6:19  Overlord  
  103  6:20  Zergling x8  
  103  6:23  Baneling  
  103  6:25  Zergling x2  
  100  6:32  Zergling x2  
  100  6:33  Zergling x2  
  100  6:39  Zergling x6  
  92  6:47  Zergling x2  
  92  6:48  Zergling x4  
  92  6:52  Ravager x2  
  97  6:55  Zergling x2  
  97  6:56  Zergling x12  
  101  7:02  Drone  
Tags
 
Matchup
ZvZ
Player
Reynor
Race
Zerg
Replay Pack
hsc29
Spawn Locations
Cross Positions
Add a new tag
Caveats
  • Supply blocks, unpowered buildings, or Contaminate may cause inaccurate times.
  • Supply counts are checked every 10 seconds.